AoeStats
← miguelon01

Black Forest

510588071Analyzed
4v4 RM · 7h ago on Oct 1, 2026· 45m 50s· 8 players
Game mode
Random Map
Map size
Large (8 player)
Population
200
Speed
Normal
Resources
Standard
Victory
Conquest
Starting age
Dark Age
Ending age
Imperial Age
RankedLock teamsTeams togetherTeam positionsShared explorationLock speedFull tech treeHidden civsTurbo modeCheats
Victory
Defeat
🇮🇳 Varangians · India
1141
+13
🇷🇴 Persians · Romania
1129
+14
1122
+14
🇫🇷 Mongols · France
1121
+14
🇨🇳 Turks · China
1149
-16
🇧🇷 Burgundians · Brazil
1074
-14
🇮🇹 Britons · Italy
1053
-13
🇨🇭 Aztecs · Switzerland
1042
-12
Cryptomage
0:29 Loom
12:36 Feudal Age
17:02 Castle Age
15:25 Double-Bit Axe
15:22 Horse Collar
15:35 Gold Mining
15:38 Stone Mining
18:37 Fletching
25:23 Bodkin Arrow
41:53 Heavy Plow
45:27 Wheelbarrow
45:21 Ballistics
AestivalCloud79
1:08 Loom
12:27 Feudal Age
16:35 Castle Age
14:52 Double-Bit Axe
14:50 Horse Collar
15:02 Gold Mining
15:20 Stone Mining
18:54 Bow Saw
19:09 Heavy Plow
25:37 Wheelbarrow
26:48 Hand Cart
30:52 Imperial Age
28:29 Scale Barding Armor
28:47 Forging
29:33 Chain Barding Armor
30:51 Gold Shaft Mining
30:52 Stone Shaft Mining
31:00 Stone Shaft Mining
32:08 Iron Casting
32:08 Plate Barding Armor
33:36 Crop Rotation
33:21 Caravan
34:54 Blast Furnace
34:13 Cavalier
34:53 Husbandry
35:04 Bloodlines
34:15 Light Cavalry
35:32 Scale Mail Armor
35:22 Fletching
35:32 Padded Archer Armor
36:31 Conscription
36:12 Kamandaran
35:55 Savar
39:41 Coinage
40:20 Hussar
42:15 Chemistry
41:36 Ballistics
42:07 Capped Ram
Estoy como loquita
0:57 Loom
11:31 Feudal Age
16:04 Castle Age
19:48 Double-Bit Axe
20:21 Horse Collar
21:08 Bow Saw
30:23 Imperial Age
28:40 Stone Mining
28:44 Gold Mining
30:00 Wheelbarrow
30:50 Forging
30:45 Scale Barding Armor
30:50 Forging
30:45 Scale Barding Armor
30:50 Forging
31:50 Logistica
33:28 Hand Cart
33:50 Iron Casting
33:35 Chain Barding Armor
33:50 Iron Casting
33:35 Chain Barding Armor
33:50 Iron Casting
33:54 Chain Barding Armor
34:05 Hand Cart
34:07 Heavy Camel Rider
34:47 Husbandry
36:18 Fletching
36:28 Padded Archer Armor
37:08 Plate Barding Armor
36:23 Fletching
36:34 Padded Archer Armor
37:47 Two-Man Saw
37:15 Elite Skirmisher
38:00 Thumb Ring
38:37 Conscription
39:03 Bodkin Arrow
39:24 Leather Archer Armor
39:53 Elite Cataphract
42:19 Sanctity
44:10 Hoardings
メHANSメ
10:48 Feudal Age
14:25 Castle Age
12:13 Double-Bit Axe
12:09 Horse Collar
15:50 Bow Saw
15:41 Heavy Plow
20:43 Wheelbarrow
22:40 Hand Cart
22:46 Hand Cart
24:51 Caravan
28:44 Imperial Age
26:12 Stone Mining
29:36 Bloodlines
29:27 Husbandry
29:35 Scale Barding Armor
29:40 Forging
29:54 Cavalier
31:12 Conscription
30:13 Vendel Legacy
31:58 Two-Man Saw
32:22 Chain Barding Armor
32:37 Iron Casting
32:33 Loom
33:37 Plate Barding Armor
34:39 Iron Casting
33:56 Fletching
34:44 Siege Engineers
35:00 Ballistics
35:40 Chemistry
34:51 Masonry
34:22 Treadmill Crane
35:32 Gold Mining
38:50 Blast Furnace
37:45 Bodkin Arrow
41:41 Coinage
41:47 Crop Rotation
41:48 Elite Jarl
43:58 Architecture
43:32 Bracer
43:33 Padded Archer Armor
43:33 Scale Mail Armor
43:21 Gambesons
43:37 Squires
43:22 Arson
42:59 Elite Varangian Guard
45:18 Leather Archer Armor
44:28 Light Cavalry
Tikka Masala
11:20 Feudal Age
13:00 Double-Bit Axe
15:23 Castle Age
14:01 Horse Collar
16:23 Bow Saw
16:53 Heavy Plow
21:16 Gold Mining
22:41 Wheelbarrow
23:03 Gold Shaft Mining
22:59 Loom
24:08 Hand Cart
24:23 Town Watch
28:35 Imperial Age
25:29 Crossbowman
26:31 Ballistics
26:09 Fletching
26:29 Padded Archer Armor
27:18 Bodkin Arrow
27:57 Leather Archer Armor
29:19 Yeomen
28:47 Treadmill Crane
29:18 Stone Mining
29:00 Arbalester
30:01 Bracer
30:48 Ring Archer Armor
31:21 Chemistry
31:25 Siege Engineers
31:51 Conscription
32:02 Fortified Wall
33:04 Hoardings
33:02 Warwolf
33:46 Pikeman
34:26 Squires
34:37 Forging
34:28 Scale Mail Armor
36:48 Halberdier
39:02 Arson
40:12 Iron Casting
39:52 Chain Mail Armor
SaegiSchnaegi
2:26 Loom
12:00 Feudal Age
12:40 Double-Bit Axe
17:20 Castle Age
15:57 Horse Collar
16:51 Scale Mail Armor
17:03 Town Watch
17:30 Eagle Warrior
18:11 Gold Mining
20:47 Bow Saw
26:29 Wheelbarrow
25:59 Stone Mining
27:56 Squires
28:16 Chain Mail Armor
29:01 Heavy Plow
33:04 Imperial Age
32:40 Forging
34:29 Plate Mail Armor
35:45 Garland Wars
36:03 Hand Cart
36:17 Conscription
36:48 Iron Casting
36:05 Elite Eagle Warrior
39:18 Blast Furnace
38:43 Fletching
38:53 Padded Archer Armor
40:31 Elite Jaguar Warrior
miguelon01
9:21 Loom
9:25 Double-Bit Axe
12:03 Horse Collar
15:26 Feudal Age
15:55 Gold Mining
17:02 Bow Saw
19:07 Heavy Plow
21:10 Castle Age
20:07 Gold Shaft Mining
22:36 Wheelbarrow
29:10 Imperial Age
27:01 Forging
26:57 Scale Barding Armor
26:58 Light Cavalry
27:40 Husbandry
28:19 Iron Casting
29:31 Two-Man Saw
28:51 Cavalier
29:53 Chain Barding Armor
30:31 Hussar
33:15 Plate Barding Armor
35:40 Blast Furnace
36:48 Pikeman
37:29 Squires
38:20 Crop Rotation
38:46 Treadmill Crane
39:11 Scale Mail Armor
40:01 Hand Cart
39:22 Halberdier
40:34 Chain Mail Armor
43:54 Fortified Wall
LY
0:38 Loom
11:16 Feudal Age
15:34 Castle Age
14:11 Stone Mining
14:36 Double-Bit Axe
16:51 Town Watch
18:47 Fletching
20:52 Bodkin Arrow
33:35 Imperial Age
38:19 Wheelbarrow
38:19 Bow Saw
37:53 Horse Collar
41:35 Conscription
42:59 Heavy Camel Rider
44:01 Bloodlines
44:26 Scale Barding Armor
44:43 Husbandry
44:55 Forging
45:40 Chain Barding Armor
Connection lost

Rejoining the realm…

Still unreachable

The connection could not be restored.

Session expired

The server has moved on; the page needs a fresh start.